 Dungeon Crawl Stone Soup version 0.25-a0-842-g81a31cfd23 (webtiles) character file.

Game seed: 9369986645331708552, levelgen mode: deterministic

8 Error4North the Skirmisher (level 2, 0/27 HPs)
             Began as a Hill Orc Fighter on Apr 24, 2020.
             Slain by an adder (1 damage)
             ... on level 2 of the Dungeon.
             The game lasted 00:01:27 (677 turns).

Error4North the Skirmisher (Hill Orc Fighter)        Turns: 677, Time: 00:01:27

Health: 0/27       AC: 11    Str: 18    XL:     2   Next: 8%
Magic:  2/2        EV:  3    Int:  8    God:
Gold:   19         SH:  9    Dex: 10    Spells: 1/1 levels left

rFire    . . .     SeeInvis .   a - +0 war axe
rCold    . . .     Gourm    .   c - +0 kite shield
rNeg     . . .     Faith    .   i - +0 plate armour
rPois    .         Spirit   .   (no helmet)
rElec    .         Reflect  .   (no cloak)
rCorr    .         Harm     .   (no gloves)
MR       .....                  (no boots)
Stlth    ..........             (no amulet)
HPRegen  0.09/turn              (no ring)
MPRegen  0.08/turn              (no ring)

@: lethally poisoned (0 -> -15), stab, hasted, very quick
A: no striking features
a: no special abilities


You were on level 2 of the Dungeon.
You were not hungry.

You visited 1 branch of the dungeon, and saw 2 of its levels.

You collected 19 gold pieces.

Inventory:

Hand Weapons
 a - a +0 war axe (weapon)
Armour
 c - a +0 kite shield (worn)
 i - a +0 plate armour (worn)
Scrolls
 g - a scroll of enchant weapon {unknown}
 h - a scroll of remove curse {unknown}
 j - a scroll of teleportation {unknown}
Potions
 b - a potion of brilliance {unknown}
 d - a potion of might
 l - a potion of stabbing
Comestibles
 f - 3 rations


   Skills:
 * Level 4.0 Fighting
 + Level 2.8 Axes
 * Level 3.3 Armour
 + Level 0.1 Dodging
 * Level 3.4 Shields


You had one spell level left.
You didn't know any spells.
Your spell library was empty.

Dungeon Overview and Level Annotations

Branches:
Dungeon (2/15)

Altars:


Message History

You feel very sick.
The adder bites you but does no damage. x2; The adder bites you.
* * * LOW HITPOINT WARNING * * *
The adder bites you.
* * * LOW HITPOINT WARNING * * *
A hobgoblin comes into view. It is wielding a +0 club.
The adder bites you but does no damage.
It was a potion of haste.
You feel yourself speed up.
* * * LOW HITPOINT WARNING * * *
You feel sick. You block the adder's attack. x2
The adder bites you but does no damage.
Your shield and plate armour prevent you from hitting the adder.
The adder is severely wounded.
You miss the adder.
* * * LOW HITPOINT WARNING * * *
You feel sick. You block the adder's attack. x2
It was a potion of stabbing.
You feel ready to backstab. The adder bites you.
You die...

# .# . ####.###.
#. #####........
#.. #......g.....
...####.###@#
#.........gSS#
#...#.##.##bg#
.g.....<.....#
................
............#...
......##.##.#...#
#..... .....#####
#...#.#######


You could see 2 adders, 2 hobgoblins, a goblin and a bat.

Vanquished Creatures
  A leopard gecko (D:1)
  A goblin (D:1)
  A bat (D:1)
  2 frilled lizards
  3 kobolds (D:1)
8 creatures vanquished.

Notes
Turn   | Place    | Note
-------+----------+-------------------------------------------
     0 | D:1      | Error4North the Hill Orc Fighter began the quest for the
                  | Orb.
     0 | D:1      | Reached XP level 1. HP: 19/19 MP: 1/1
   243 | D:1      | Reached skill level 4 in Fighting
   555 | D:1      | Reached XP level 2. HP: 27/27 MP: 2/2
   676 | D:2      | HP: 1/27 [poisoned by an adder]
   677 | D:2      | Slain by an adder

Levels and vault maps discovered:
D:1:      psy_arrival_basics, layout_loops_ring
D:2:      layout_loops_cross, overflow_temple_1_default,
          overflow_temple_1_default, overflow_temple_1_default,
          overflow_temple_1_default, uniq_sigmund

Skill      XL: |  1 |
---------------+----+-----
Fighting       | 4 |  4.0
Axes           | |  2.8
Armour         | |  3.3
Dodging        | |  0.1
Shields        | |  3.4

Action                   || total
-------------------------++-------
Melee: War axe           ||    61
  Use: Potion            ||     2
Armor: Plate armour      ||    30
       Scale mail        ||    13
Dodge: Dodged            ||    18
Block: Kite shield       ||    37

Table legend:
 A = Non-vault XP
 B = Vault XP
 C = Vault XP percentage of total XP
 D = Non-vault monster count
 E = Vault monster count
 F = Vault count percentage of total count
                 A         B        C        D         E       F
            +---------+---------+-------+---------+---------+-------
      Total |      12 |       0 |   0.0 |       8 |       0 |   0.0
            +---------+---------+-------+---------+---------+-------
        D:1 |      11 |       0 |   0.0 |       7 |       0 |   0.0
        D:2 |       1 |       0 |   0.0 |       1 |       0 |   0.0
            +---------+---------+-------+---------+---------+-------
